 Dungeon Crawl Stone Soup version 0.23.2-33-g5129a83184 (webtiles) character file.

Game seed: 2719519063394899814

960 Destapler the Grave Robber (level 7, -5/40 HPs)
             Began as a Deep Elf Necromancer on July 29, 2019.
             Slain by a hornet zombie (13 damage)
             ... on level 5 of the Dungeon.
             The game lasted 00:56:29 (6521 turns).

Destapler the Grave Robber (Deep Elf Necromancer)   Turns: 6521, Time: 00:56:30

Health: -5/40      AC:  2    Str:  4 (5)  XL:     7   Next: 92%
Magic:  17/17      EV: 15    Int: 26 (27) God:
Gold:   202        SH:  0    Dex: 12 (15) Spells: 8/17 levels left

rFire    . . .     SeeInvis .   i - +0 dagger
rCold    . . .     Gourm    .   (no shield)
rNeg     . . .     Faith    .   a - +0 robe
rPois    .         Spirit   .   (no helmet)
rElec    .         Reflect  .   (no cloak)
rCorr    .         Harm     .   (no gloves)
MR       .....                  (no boots)
Stlth    +++.......             (no amulet)
HPRegen  0.13/turn              p - +1 ring of evasion
MPRegen  0.15/turn              (no ring)

@: brilliant
A: no striking features
a: no special abilities


You were on level 5 of the Dungeon.
You were not hungry.

You visited 1 branch of the dungeon, and saw 5 of its levels.

You collected 202 gold pieces.

Inventory:

Hand Weapons
 i - a +0 dagger (weapon)
Missiles
 d - 79 stones
 l - 8 poisoned javelins (quivered)
Armour
 a - a +0 robe (worn)
 h - a +2 scale mail of cold resistance
Magical Staves
 n - an uncursed staff of power
Jewellery
 p - a +1 ring of evasion (left hand)
Wands
 k - a wand of random effects (24)
Scrolls
 b - 3 scrolls of blinking
 f - 5 scrolls of teleportation
 g - 4 scrolls of identify
 m - 2 scrolls of enchant weapon
 o - a scroll of remove curse {unknown}
 q - a scroll of random uselessness {unknown}
Potions
 j - a potion of invisibility
 t - a potion of curing
Comestibles
 c - 8 rations
 v - 7 chunks of flesh


   Skills:
 - Level 2.4 Fighting
 + Level 5.2 Dodging
 + Level 5.8 Stealth
 + Level 5.9 Spellcasting
 * Level 3.3 Charms
 + Level 6.9 Necromancy


You had 8 spell levels left.
You knew the following spells:

 Your Spells              Type           Power        Failure   Level  Hunger
a - Pain                  Necr           ####         1%          1    None
b - Animate Skeleton      Necr           N/A          1%          1    None
c - Regeneration          Chrm/Necr      ######....   1%          3    None
d - Animate Dead          Necr           N/A          1%          4    ###....

Your spell library contained the following spells:

 Spells                   Type           Power        Failure   Level  Hunger
 Vampiric Draining        Necr           ######....   1%          3    None


Dungeon Overview and Level Annotations

Branches:
Dungeon (5/15)
 Temple: D:4-7

Altars:
Nemelex Xobeh
Ru
Sif Muna
Uskayaw
Xom
The Shining One

Shops:
D:4 [


Message History

g - Guard the area. f - Follow me.
Anything else - Cancel.
Gang up on whom?
Press: ? - help, Dir - move target cursor, f - hornet zombie
Aim: a hornet zombie (lightly damaged) Attack!
Your orc skeleton hits the hornet zombie but does no damage.
The hornet zombie hits you but does no damage.
You hit the hornet zombie but do no damage.
The hornet zombie is lightly damaged.
The hornet zombie hits you!
Your orc skeleton barely misses the hornet zombie.
The hornet zombie hits you!
* * * LOW HITPOINT WARNING * * *
It was a potion of magic.
Magic courses through your body. The hornet zombie closely misses you.
It was a potion of brilliance.
You feel clever all of a sudden. The hornet zombie hits you!
You die...

#### #.[. ##..# .
##...#.# ##..#.#.#
#..#.#..#
########.##....
#.....@Z..#..#.##.
#.######Z##_#.....
###........#).Z#. #.
#.....###.%Z##...#
#.###.###...###..# #.#
#..##(...###..#
#.###..##......# ## #.
##......##......####.#
#..
#....................#
#.#


You could see a hornet zombie and a friendly orc skeleton.

Vanquished Creatures
  Sigmund (D:3)
  Edmund (D:5)
  2 centaurs
  2 scorpions
  A centaur skeleton (D:3)
  A hound (D:4)
  5 orc wizards
  A bullfrog skeleton (D:5)
  A worker ant (D:4)
  3 adders
  A shadow imp (D:5)
  3 oozes
  An adder skeleton (D:4)
  3 worms
  3 leopard geckos
  14 orcs
  10 giant cockroaches
  6 hobgoblins
  7 jackals
  7 kobolds
  4 quokkas
  2 ball pythons
  6 bats
  7 frilled lizards
  5 goblins
  A jackal skeleton (D:5)
  A leopard gecko skeleton (D:5)
  9 rats
108 creatures vanquished.

Vanquished Creatures (collateral kills)
  A bullfrog skeleton (D:5)
  An orc priest (D:3)
  A worker ant zombie (D:5)
  A shadow imp (D:5)
  4 orcs
  A hobgoblin (D:1)
  A jackal (D:5)
  A jackal skeleton (D:4)
  A quokka zombie (D:5)
  A rat (D:1)
  A butterfly (D:3)
14 creatures vanquished.

Grand Total: 122 creatures vanquished

Notes
Turn   | Place    | Note
-------+----------+-------------------------------------------
     0 | D:1      | Destapler the Deep Elf Necromancer began the quest for the
                  | Orb.
     0 | D:1      | Reached XP level 1. HP: 10/10 MP: 6/6
     2 | D:1      | Learned a level 1 spell: Animate Skeleton
   279 | D:1      | Reached XP level 2. HP: 10/16 MP: 5/8
   693 | D:1      | Reached skill level 5 in Necromancy
   872 | D:1      | Reached skill level 1 in Fighting
  1119 | D:1      | Reached XP level 3. HP: 20/20 MP: 9/9
  1955 | D:2      | Found a glowing golden altar of the Shining One.
  2631 | D:3      | Reached XP level 4. HP: 14/25 MP: 8/11
  2799 | D:3      | Noticed Sigmund
  2861 | D:3      | Killed Sigmund
  2861 | D:3      | Reached XP level 5. HP: 25/31 MP: 7/13
  2946 | D:3      | Reached XP level 6. HP: 24/36 MP: 10/14
  2948 | D:3      | Learned a level 3 spell: Regeneration
  3042 | D:3      | Found a shimmering altar of Xom.
  3101 | D:3      | Learned a level 4 spell: Animate Dead
  3944 | D:3      | Reached skill level 6 in Necromancy
  4184 | D:4      | Found a sparkling altar of Nemelex Xobeh.
  4251 | D:4      | Found Bathiw's Antique Armour Emporium.
  4331 | D:4      | Reached skill level 5 in Spellcasting
  4445 | D:4      | Found a deep blue altar of Sif Muna.
  4569 | D:4      | Reached skill level 5 in Stealth
  4569 | D:4      | Reached XP level 7. HP: 35/40 MP: 14/16
  4594 | D:4      | Found a sacrificial altar of Ru.
  5195 | D:5      | Entered Level 5 of the Dungeon
  5195 | D:5      | Found a sacrificial altar of Ru.
  5328 | D:5      | Noticed Edmund
  5359 | D:5      | Killed Edmund
  5359 | D:5      | Reached skill level 1 in Charms
  5659 | D:4      | Reached skill level 5 in Dodging
  6268 | D:5      | Found a hide-covered altar of Uskayaw.
  6521 | D:5      | Slain by a hornet zombie

Skill      XL: |  1  2  3  4  5  6  7 |
---------------+----------------------+-----
Necromancy     | 5 6 |  6.9
Fighting       | 1 2 |  2.4
Stealth        | 3 4 5 |  5.8
Dodging        | 3 4 5 |  5.2
Spellcasting   | 4 5 |  5.9
Charms         | 3 |  3.3

Action                   |  1- 3 |  4- 6 |  7- 9 || total
-------------------------+-------+-------+-------++-------
Melee: Dagger            |    16 |    35 |    65 ||   116
Throw: Stone             |     2 |       |       ||     2
       Javelin           |       |       |     3 ||     3
 Cast: Pain              |    55 |    69 |    69 ||   193
       Animate Skeleton  |    16 |    14 |    16 ||    46
       Regeneration      |       |     1 |     1 ||     2
  Use: Scroll            |       |     4 |     1 ||     5
       Potion            |       |     3 |     4 ||     7
 Stab: Sleeping          |     5 |     5 |     4 ||    14
       Distracted        |       |     1 |       ||     1
  Eat: Chunk             |     4 |     7 |     6 ||    17
Armor: Robe              |     6 |     4 |     7 ||    17
       Skin              |       |    16 |       ||    16
Dodge: Dodged            |    16 |    40 |    65 ||   121
